 Dungeon Crawl Stone Soup version 0.25-a0-458-g6fc7858b95 (webtiles) character file.

Game seed: 522075879915936820, levelgen mode: deterministic

728 Hasart the Cudgeler (level 7, -4/49 HPs)
             Began as an Octopode Fighter on Feb 2, 2020.
             Was an Initiate of Gozag.
             Slain by a yak (6 damage)
             ... on level 4 of the Dungeon.
             The game lasted 00:07:42 (4237 turns).

Hasart the Cudgeler (Octopode Fighter)              Turns: 4237, Time: 00:07:42

Health: -4/49      AC:  1    Str: 16    XL:     7   Next: 72%
Magic:  8/8        EV: 12    Int: 12    God:    Gozag
Gold:   177        SH:  9    Dex: 11    Spells: 6/6 levels left

rFire    . . .     SeeInvis .   a - +0 flail
rCold    + . .     Gourm    .   b - +0 shield
rNeg     . . .     Faith    .   (helmet restricted)
rPois    .         Spirit   .   (no amulet)
rElec    .         Reflect  .   i - ring of protection from cold
rCorr    .         Harm     .   k - ring of wizardry
MR       .....                  t - ring of stealth
Stlth    +++.......             (no ring)
HPRegen  0.16/turn              (no ring)
MPRegen  0.11/turn              (no ring)
                                (no ring)
                                (no ring)

@: no status effects
A: almost no armour, stealthy swim, amphibious, 8 rings, constrict 8, camouflage
1, gelatinous body 1
a: Potion Petition, Call Merchant, Bribe Branch, Renounce Religion


You were on level 4 of the Dungeon.
You worshipped Gozag.
Gozag was aware of your devotion.
You were not hungry.

You visited 2 branches of the dungeon, and saw 6 of its levels.

You collected 264 gold pieces.
You paid 87 gold pieces to Gozag.

Inventory:

Hand Weapons
 a - a +0 flail (weapon)
Missiles
 q - 5 javelins (quivered)
Armour
 b - a +0 shield (worn)
Jewellery
 i - a ring of protection from cold (left tentacle)
 k - a ring of wizardry (right tentacle)
 t - a ring of stealth (on tentacle)
 u - an uncursed ring of fire
Wands
 f - a wand of digging (4)
 l - a wand of flame (8)
 s - a wand of iceblast (8)
Scrolls
 e - 4 scrolls of identify
 g - 3 scrolls of remove curse {unknown}
 m - a scroll of random uselessness {unknown}
 o - a scroll of magic mapping {unknown}
 w - a scroll of enchant weapon {unknown}
 y - a scroll of teleportation {unknown}
Potions
 c - a potion of might
 h - a potion of agility {unknown}
 j - 4 potions of haste {unknown}
 n - a potion of heal wounds {unknown}
 p - a potion of cancellation {unknown}
 r - 2 potions of lignification {unknown}
 x - 2 potions of brilliance {unknown}
 z - a potion of degeneration {unknown}
 A - a potion of resistance {unknown}
Comestibles
 d - 9 rations


   Skills:
 + Level 4.4 Fighting
 * Level 5.2 Maces & Flails
 + Level 2.0 Throwing
 + Level 4.4 Dodging
 + Level 4.4 Shields
 + Level 2.2 Evocations


You had 6 spell levels left.
You didn't know any spells.
Your spell library contained the following spells:

 Spells                   Type           Power        Failure   Level  Hunger
 Beastly Appendage        Tmut           #.....       45%         1    ##.....


Dungeon Overview and Level Annotations

Branches:
Dungeon (5/15)             Temple (1/1) D:5

Altars:
Gozag
Makhleb
Nemelex Xobeh
Ru
Sif Muna
Trog
Vehumet
The Shining One


Innate Abilities, Weirdness & Mutations

You cannot wear most types of armour.
You are very stealthy in the water. (Stealth+)
You are amphibious.
You can wear up to eight rings at the same time.
You can use your tentacles to constrict eight enemies at once.
Your skin changes colour to match your surroundings (Stealth+).
Your rubbery body absorbs attacks. (AC +1, EV +1)


Message History

The yak is heavily wounded.
The yak barely misses you. The yak barely misses you.
You climb upwards.
There is a stone staircase leading down here.
You hit the yak.
The yak is heavily wounded.
The yak gores you!
You barely miss the yak. Your squeeze misses the yak.
The yak is heavily wounded.
You block the yak's attack.
You hit the yak but do no damage. Your squeeze misses the yak.
The yak is heavily wounded.
The yak gores you!
* * * LOW HITPOINT WARNING * * *
You hit the yak but do no damage. You squeeze the yak.
The yak is severely wounded.
The yak closely misses you. The yak gores you.
You die...
Your body crumbles into a pile of gold.

..........^###..............###
......................<......##
..###...........##....#.....#.###
...###...#....####....#.........#
.### #####.....###.....[.........
.# #.......###[.......#.##.. .#
##.....<.[.).......##.#.. .#
##......Y..#......#..... ##
#....#@.###..........## ##..#####
#...###...## ##.# #...# ###.# ###
##### ###


You could see a yak.

Vanquished Creatures
  A yak (D:5)
  Menkaure (D:4)
  A bullfrog (D:3)
  A scorpion (D:5)
  2 hounds
  A centaur skeleton (D:4)
  2 orc wizards (D:3)
  Ijyb (D:4)
  A worker ant (D:4)
  3 gnolls (D:2)
  6 adders
  An ooze (D:1)
  A dart slug (D:4)
  A leopard gecko (D:2)
  10 orcs
  6 bats
  3 giant cockroaches
  6 goblins
  6 hobgoblins
  8 jackals (D:1)
  2 kobolds
  3 quokkas
  3 frilled lizards
  9 rats
79 creatures vanquished.

Notes
Turn   | Place    | Note
-------+----------+-------------------------------------------
     0 | D:1      | Hasart the Octopode Fighter began the quest for the Orb.
     0 | D:1      | Reached XP level 1. HP: 16/16 MP: 1/1
   119 | D:1      | Reached XP level 2. HP: 21/21 MP: 2/2
   265 | D:1      | Reached XP level 3. HP: 24/26 MP: 3/3
   919 | D:2      | Reached skill level 3 in Maces & Flails
   922 | D:2      | Reached XP level 4. HP: 13/31 MP: 4/4
  1388 | D:2      | Found a burning altar of Makhleb.
  1554 | D:3      | Noticed a bullfrog
  1561 | D:3      | Killed a bullfrog
  1561 | D:3      | Reached XP level 5. HP: 16/37 MP: 5/5
  2408 | D:3      | Found a shimmering blue altar of Sif Muna.
  2420 | D:3      | Reached skill level 4 in Maces & Flails
  2427 | D:3      | Reached XP level 6. HP: 29/43 MP: 6/6
  2525 | D:3      | Identified Sif Muna's Grimoire of the Onion
  2781 | D:4      | Noticed Ijyb
  3026 | D:4      | Killed Ijyb
  3354 | D:4      | Reached skill level 1 in Throwing
  3354 | D:4      | Reached skill level 1 in Evocations
  3393 | D:4      | Noticed Menkaure
  3398 | D:4      | Killed Menkaure
  3398 | D:4      | Reached XP level 7. HP: 48/48 MP: 6/8
  3429 | D:4      | Found a sacrificial altar of Ru.
  3574 | D:4      | Got a warped buckler
  3575 | D:4      | Identified the cursed +0 buckler of Omission {Int+3} (You
                  | found it on level 4 of the Dungeon)
  3812 | D:5      | Entered Level 5 of the Dungeon
  3858 | D:5      | Found a staircase to the Ecumenical Temple.
  3867 | Temple   | Entered the Ecumenical Temple
  3884 | Temple   | Became a worshipper of Gozag Ym Sagoz the Greedy
  3930 | D:5      | Noticed a yak
  3932 | D:5      | Noticed a yak
  3954 | D:5      | Killed a yak
  3954 | D:5      | Reached skill level 5 in Maces & Flails
  3955 | D:5      | Noticed a yak
  3959 | D:5      | Noticed a yak
  4236 | D:4      | HP: 2/49 [yak (15)]
  4237 | D:4      | Slain by a yak

Levels and vault maps discovered:
D:1:      sevenhm_arrival_forest_fort_small_6, layout_basic
D:2:      layout_basic, makhleb_heckhound_becter, first_ration
D:3:      layout_basic, led_sif_book, minmay_misc_feat_room, st_stairs_11,
          grunt_decor_one_mirror
D:4:      layout_cave_pools, nicolae_ru_sacrificial_ziggurat, uniq_ijyb,
          uniq_menkaure
D:5:      layout_rooms, lemuel_temple_firewalk_b
Temple:   zaba_magenta_temple

Skill      XL: |  1  2  3  4  5  6  7 |
---------------+----------------------+-----
Maces & Flails | 3 4 5 |  5.2
Shields        | 4 |  4.4
Fighting       | 4 |  4.4
Throwing       | 1 2 |  2.0
Evocations     | 1 2 |  2.2
Dodging        | 4 |  4.4

Action                   |  1- 3 |  4- 6 |  7- 9 || total
-------------------------+-------+-------+-------++-------
Melee: Flail             |    58 |    78 |    49 ||   185
       Tentacles         |    12 |     8 |    13 ||    33
       Constrict         |    18 |    20 |     5 ||    43
Invok: Potion Petition   |       |       |     1 ||     1
Evoke: Wand              |       |     4 |     1 ||     5
  Use: Scroll            |       |       |     1 ||     1
 Stab: Sleeping          |     6 |     2 |     3 ||    11
       Invisible         |       |       |     3 ||     3
  Eat: Chunk             |       |     8 |     1 ||     9
       Ration            |       |       |     1 ||     1
Armor: Skin              |     3 |     6 |     2 ||    11
Dodge: Dodged            |    20 |    53 |    28 ||   101
Block: Shield            |    25 |    44 |    25 ||    94

Table legend:
 A = Non-vault XP
 B = Vault XP
 C = Vault XP percentage of total XP
 D = Non-vault monster count
 E = Vault monster count
 F = Vault count percentage of total count
                 A         B        C        D         E       F
            +---------+---------+-------+---------+---------+-------
      Total |     718 |     323 |  31.0 |      71 |       8 |  10.1
            +---------+---------+-------+---------+---------+-------
        D:1 |      56 |       0 |   0.0 |      29 |       0 |   0.0
        D:2 |      54 |      43 |  44.3 |       8 |       1 |  11.1
        D:3 |     149 |      75 |  33.5 |      21 |       5 |  19.2
        D:4 |     123 |     205 |  62.5 |       9 |       2 |  18.2
        D:5 |     336 |       0 |   0.0 |       4 |       0 |   0.0
            +---------+---------+-------+---------+---------+-------
